 Dungeon Crawl Stone Soup version 0.31.0-32-g396128a36d (webtiles) character file.

Game seed: 9959773327985795649

89754 PaiMei the Lord of Darkness (level 15, -5/118 HPs)
             Began as a Demonspawn Necromancer on Mar 26, 2024.
             Was the Champion of Kikubaaqudgha.
             Slain by a demonic crawler (6 damage)
             ... on level 1 of the Spider Nest.
             The game lasted 01:20:03 (38071 turns).

PaiMei the Lord of Darkness (DsNe)                 Turns: 38071, Time: 01:20:04

Health: -5/118     AC: 21    Str:  9    XL:     15   Next: 50%
Magic:  31/32      EV: 15    Int: 23    God:    Kikubaaqudgha [******]
Gold:   1483       SH:  0    Dex: 16    Spells: 14/40 levels left

rFire   . . .        I - +4 demon trident (venom)
rCold   . . .        (no shield)
rNeg    . . .        c - +2 ring mail of Oblivion {rElec Stlth+}
rPois   +            (helmet restricted)
rElec   +            U - +0 cloak
rCorr   .            X - +1 pair of gloves {Dex+3}
SInv    .            p - +0 pair of boots
Will    +....        k - amulet of regeneration
Stlth   ++           j - +4 ring of protection
HPRegen 1.19/turn    R - ring of poison resistance
MPRegen 0.23/turn

%: no passive effects
@: hasted, very quick
A: antennae 1, thin metallic scales 3, demonic guardian 1, ignite blood 2
a: Renounce Religion, Unearth Wretches, Torment, Brand Weapon With Pain, Receive
Forbidden Knowledge


You were on level 1 of the Spider Nest.
You worshipped Kikubaaqudgha.
Kikubaaqudgha was exalted by your worship.
You visited 5 branches of the dungeon, and saw 24 of its levels.
You also visited: Bailey.

You collected 2356 gold pieces.
You spent 873 gold pieces at shops.

Inventory:

Hand Weapons
 y - the +6 shillelagh "Devastator" {shatter}
   (You found it on level 4 of the Dungeon)
 H - a +4 flail of freezing
 I - a +4 demon trident of venom (weapon)
Missiles
 w - 3 datura-tipped darts
 A - 14 curare-tipped darts (quivered)
 P - 8 atropa-tipped darts
 S - 2 darts of dispersal
Armour
 c - the +2 ring mail of Oblivion (worn) {rElec Stlth+}
   (You bought it in a shop on level 10 of the Dungeon)

   rElec:     It insulates you from electricity.
   Stlth+:    It makes you more stealthy.
 p - a +0 pair of boots (worn)
 U - a +0 cloak (worn)
 X - a +1 pair of gloves of dexterity (worn)
Magical Staves
 m - a staff of death
Jewellery
 j - a +4 ring of protection (left hand)
 k - an amulet of regeneration (around neck)
 R - a ring of poison resistance (right hand)
Wands
 r - a wand of mindburst (6)
 B - a wand of light (3)
 D - a wand of flame (26)
 N - a wand of iceblast (15)
 Z - a wand of charming (13)
Scrolls
 a - 3 scrolls of fear
 d - 4 scrolls of poison
 e - 8 scrolls of fog
 f - 2 scrolls of torment
 h - 5 scrolls of vulnerability
 i - 2 scrolls of enchant weapon
 l - 2 scrolls of brand weapon
 n - a scroll of amnesia
 o - a scroll of silence
 q - 4 scrolls of blinking
 s - 5 scrolls of immolation
 u - 6 scrolls of teleportation
 v - a scroll of butterflies
 C - 8 scrolls of enchant armour
 E - a scroll of acquirement
 G - 3 scrolls of revelation
Potions
 b - 2 potions of magic
 g - 4 potions of haste
 t - 3 potions of heal wounds
 x - 10 potions of might
 z - 6 potions of curing
 J - 4 potions of cancellation
 K - a potion of enlightenment {unknown}
 L - 2 potions of degeneration {unknown}
 M - a potion of invisibility {unknown}
 Q - a potion of brilliance {unknown}
 W - 2 potions of attraction {unknown}
 Y - a potion of ambrosia {unknown}
Miscellaneous
 F - a phantom mirror
 T - a lightning rod (4/4)
 V - a phial of floods


   Skills:
 - Level 11.0 Fighting
 + Level 4.4 Maces & Flails
 - Level 7.2 Armour
 - Level 10.5 Dodging
 - Level 2.0 Stealth
 + Level 13.2 Spellcasting
 + Level 15.9 Necromancy
 - Level 7.0 Earth Magic
 + Level 4.0 Evocations


You had 14 spell levels left.
You knew the following spells:

 Your Spells              Type           Power      Damage    Failure   Level
a - Necrotise             Necr           100%       1d9       0%          1
b - Vampiric Draining     Necr           73%        2d11      1%          3
c - Animate Dead          Necr           73%        N/A       1%          4
d - Curse of Agony        Necr           73%        N/A       1%          5
e - Dispel Undead         Necr           73%        3d24      1%          4
f - Borgnjor's Vile Clut  Necr/Erth      31%        N/A       2%          5
g - Anguish               Hex/Necr       25%        N/A       3%          4

Your spell library contained the following spells:

 Spells                   Type           Power      Damage    Failure   Level
 Kiss of Death            Conj/Necr      100%       2d13      1%          1
 Cigotuvi's Dreadful Rot  Necr/Alch/Air  78%        N/A       1%          2
 Sublimation of Blood     Necr           73%        N/A       1%          2
 Death Channel            Necr           36%        N/A       2%          6
 Freeze                   Ice            60%        1d7       10%         1
 Sting                    Conj/Alch      60%        1d6       10%         1
 Mercury Vapours          Alch/Air       30%        N/A       16%         2
 Static Discharge         Conj/Air       30%        3-5/arc   16%         2
 Petrify                  Alch/Erth      31%        N/A       24%         4
 Call Canine Familiar     Summ           15%        N/A       30%         3
 Confusing Touch          Hex            15%        N/A       30%         3
 Frozen Ramparts          Ice            30%        1d5       30%         3
 Hailstorm                Conj/Ice       15%        3d6       30%         3
 Inner Flame              Hex/Fire       15%        N/A       30%         3
 Mephitic Cloud           Conj/Alch/Air  15%        N/A       30%         3
 Sigil of Binding         Hex            15%        N/A       30%         3
 Airstrike                Air            7%         2d(2-18)  69%         4
 Dimensional Bullseye     Hex/Tloc       7%         N/A       69%         4
 Flame Wave               Conj/Fire      15%        2d7       69%         4
 Olgreb's Toxic Radiance  Alch           15%        N/A       69%         4
 Sticky Flame             Fire/Alch      15%        2d5       69%         4
 Summon Lightning Spire   Summ/Air       15%        N/A       69%         4
 Freezing Cloud           Conj/Ice/Air   7%         6-21      95%         5
 Irradiate                Conj/Alch      7%         3d14      95%         5
 Iskenderun's Battlesphe  Conj           15%        2d7       95%         5
 Bombard                  Conj/Erth      15%        9d3       98%         6
 Spellforged Servitor     Conj/Summ      7%         N/A       100%        7


Dungeon Overview and Level Annotations

Branches:
Dungeon (15/15)            Temple (1/1) D:4            Lair (5/5) D:8
 Shoals (0/4) Lair:3       Spider (1/4) Lair:3        Slime (0/5) Lair:4
    Orc (2/2) D:10            Elf (0/3) Orc:2        Vaults (0/5) D:13
 Depths (0/4) D:15         Bailey (visited)

Altars:
Ashenzari
Cheibriados
Dithmenos
Fedhas
Gozag
Hepliaklqana
Kikubaaqudgha
Makhleb
Nemelex Xobeh
Okawaru
Qazlal
Ru
Sif Muna
Trog
Uskayaw
Vehumet
Wu Jian
Xom
Yredelemnul
Jiyva

Shops:
D:2 *   D:10 ([[[[   Orc:2 ![?(

Annotations:
D:2 Sigmund
D:4 1 runed translucent door, Crazy Yiuf
D:9 2 transporters, monsoonserge's ghost, journeyman OpCA
Lair:4 1 runed translucent door
Orc:1 1 transporter


Innate Abilities, Weirdness & Mutations

You have a pair of small antennae on your head.
You are completely covered in thin metallic scales. (AC +4, rElec)
A weak demonic guardian rushes to your aid.
Your demonic aura often causes spilled blood to erupt in flames.


Message History

The demonic crawler hits you but does no damage.
The demonic crawler barely misses you. The demonic crawler closely misses you.
Your +4 demon trident of venom begins to drip with poison!
I - a +4 demon trident of venom (weapon)
You puncture the demonic crawler!
The demonic crawler is almost dead.
The demonic crawler barely misses you. The demonic crawler hits you. x2
The demonic crawler hits you but does no damage.
The demonic crawler closely misses you. The demonic crawler hits you.
A demonic guardian appears!
You puncture the demonic crawler!
The demonic crawler is almost dead.
The demonic crawler hits you!
* * * LOW HITPOINT WARNING * * *
The demonic crawler hits you but does no damage.
The demonic crawler hits you.
* * * LOW HITPOINT WARNING * * *
The demonic crawler hits you!
* * * LOW HITPOINT WARNING * * *
The demonic crawler hits you.
* * * LOW HITPOINT WARNING * * *
The demonic crawler hits you but does no damage.
Your quasit bites the demonic crawler but does no damage.
Your quasit claws the demonic crawler but does no damage. x2
The demonic crawler barely misses your quasit.
The demonic crawler hits your quasit. The demonic crawler hits your quasit!
Your quasit dies!
Your quasit disappears in a puff of smoke!
The demonic crawler gives a hideous shriek!
You feel much better. The demonic crawler barely misses you.
The demonic crawler misses you. The demonic crawler hits you!
* * * LOW HITPOINT WARNING * * *
A demonic guardian appears!
You feel yourself speed up. The demonic crawler hits you!
* * * LOW HITPOINT WARNING * * *
The demonic crawler hits you!
* * * LOW HITPOINT WARNING * * *
The demonic crawler hits you.
You die...
Kikubaaqudgha rasps: "You have failed me!
Welcome... death!"

#.........#....^.......
##.#.#......#......##..
###........######### .
##...........#
#......#.....#
###..#..°.#.##
##......^..#
#....#s.#..#
###..☼@☼....#
##......#....#
##.......4....#
#<...........##
#.#........#..#
####.#.......##
###..##^#..# ##....#.#.
##...#


You could see a demonic crawler (ally target) and a friendly ice devil
(summoned, wandering).

Vanquished Creatures
  Rupert (Orc:2)
  Nessos (Lair:5)
  A great orb of eyes (D:15)
  Fannar (Lair:2)
  A rakshasa (D:15)
  8 vault guards (D:13)
  5 hydras
  2 catoblepae
  3 boulder beetles
  4 centaur warriors
  Erica (D:11)
  A merfolk avatar (Lair:5)
  6 two-headed ogres
  4 death yaks
  3 orc high priests
  A tengu warrior (D:13)
  A skyshark (Lair:5)
  Amaemon (D:8)
  An arcanist (D:14)
  4 skeletal warriors (D:14)
  A deep elf pyromancer (D:13)
  4 orc sorcerers
  6 ugly things
  6 cyclopes
  A manticore (Lair:5)
  A merfolk siren (Lair:3)
  A centaur zombie (D:15)
  2 molten gargoyles (D:13)
  Joseph (D:8)
  9 elephants
  6 black mambas
  An orange demon (D:8)
  Maggie (D:7)
  7 cane toads
  A catoblepas zombie (Lair:5)
  7 komodo dragons
  2 rime drakes
  2 tengu conjurers (D:13)
  5 trolls
  2 polar bears
  A tarantella (Spider:1)
  10 blink frogs
  A hornet (D:11)
  A jumping spider (Spider:1)
  A snapping turtle (Lair:5)
  14 dream sheep
  2 shadows
  A centaur simulacrum (D:14)
  3 culicivoras (Lair:3)
  7 slime creatures (D:15)
  2 wyverns
  A black mamba zombie (Lair:1)
  Eustachio (D:4)
  A slime creature zombie (D:15)
  52 yaks
  2 wraiths (D:10)
  4 basilisks
  A basilisk (shapeshifter) (D:15)
  3 steam dragons
  A yak (shapeshifter) (D:13)
  9 vampire mosquitoes
  2 wargs (Orc:2)
  A cane toad zombie (Lair:2)
  10 water moccasins
  2 acid dragons
  18 orc warriors
  A sky beast (D:7)
  7 ice beasts
  3 black bears
  2 centaurs (D:9)
  2 ogres
  18 wolves
  2 boggarts (D:10)
  2 phantoms
  9 kobold brigands
  11 bullfrogs
  A gnoll sergeant (D:6)
  2 water moccasin zombies
  A scorpion (D:4)
  8 wights
  5 killer bees
  A yak zombie (Lair:2)
  4 howler monkeys
  2 wolf zombies (Lair:1)
  2 electric eels (D:8)
  4 bombardier beetles
  5 lava snakes (D:13)
  6 hounds
  35 orc priests
  4 sleepcaps
  3 iguanas
  29 orc wizards
  9 adders
  6 gnolls
  2 shadow imps
  2 white imps
  An ufetubus (D:7)
  3 dart slugs
  A ribbon worm (D:4)
  70 orcs
  6 endoplasms
  5 giant cockroaches
  7 goblins
  5 hobgoblins
  4 jackals
  5 quokkas
  5 ball pythons
  8 bats
  A frilled lizard (D:1)
  22 kobolds
  3 rats
601 creatures vanquished.

Vanquished Creatures (collateral kills)
  A hydra (Lair:5)
  2 catoblepae (D:13)
  A death yak (Lair:5)
  A boulder beetle (Lair:2)
  An orc high priest (Orc:2)
  A demonic crawler (Spider:1)
  A skyshark (Lair:5)
  A harpy (Lair:5)
  2 ugly things (D:15)
  A manticore (Lair:5)
  3 cane toads
  2 komodo dragons (Lair:5)
  2 rime drakes (Lair:5)
  A troll (Orc:1)
  2 snapping turtles (Lair:5)
  5 slime creatures
  6 yaks
  2 orc warriors
  A wolf (Lair:1)
  A bullfrog (Lair:4)
  3 orc priests (Orc:2)
  An orc wizard (Orc:2)
  2 orcs
  An endoplasm (D:4)
44 creatures vanquished.

Vanquished Creatures (others)
  A two-headed ogre zombie (D:14)
  A cyclops zombie (D:12)
  A polar bear zombie (Lair:1)
  A yak zombie (Lair:2)
  A wolf zombie (Lair:1)
  A bullfrog zombie (Lair:2)
  A kobold (Bailey)
7 creatures vanquished.

Grand Total: 652 creatures vanquished

Notes
Turn   | Place    | Note
-------+----------+-------------------------------------------
     0 | D:1      | PaiMei the Demonspawn Necromancer began the quest for the
                  | Orb.
     0 | D:1      | Reached XP level 1. HP: 13/13 MP: 3/3
   398 | D:1      | Gained mutation: You are partially covered in thin metallic
                  | scales. (AC +2) [demonic ancestry]
   398 | D:1      | Reached XP level 2. HP: 19/19 MP: 3/5
  1276 | D:2      | Reached XP level 3. HP: 25/25 MP: 4/6
  1551 | D:2      | Noticed Sigmund
  1651 | D:2      | Found Imank's General Store.
  2574 | D:3      | Reached skill level 1 in Fighting
  2863 | D:3      | Gained mutation: You have a pair of small antennae on your
                  | head. [demonic ancestry]
  2863 | D:3      | Reached XP level 4. HP: 32/32 MP: 5/7
  3404 | D:4      | Learned a level 3 spell: Vampiric Draining
  3540 | D:4      | Found a staircase to the Ecumenical Temple.
  3545 | Temple   | Entered the Ecumenical Temple
  3555 | Temple   | Became a worshipper of Kikubaaqudgha
  3715 | D:4      | Reached skill level 5 in Necromancy
  3762 | D:4      | Gained mutation: Your demonic aura sometimes causes spilled
                  | blood to erupt in flames. [demonic ancestry]
  3762 | D:4      | Reached XP level 5. HP: 38/38 MP: 3/9
  3840 | D:4      | Noticed a phantom
  3902 | D:4      | Killed a phantom
  4034 | D:4      | Noticed Eustachio
  4248 | D:4      | Reached XP level 6. HP: 46/46 MP: 5/10
  4372 | D:4      | Killed Eustachio
  4896 | D:4      | Found the +6 shillelagh "Devastator" {shatter}
  4910 | D:4      | Found a runed translucent door.
  4911 | D:4      | Noticed Crazy Yiuf
  5021 | D:4      | Reached skill level 6 in Necromancy
  5021 | D:4      | Reached XP level 7. HP: 50/52 MP: 5/12
  5078 | D:4      | Reached * piety under Kikubaaqudgha
  5078 | D:4      | Received a gift from Kikubaaqudgha
  5237 | D:5      | Entered Level 5 of the Dungeon
  5563 | D:5      | Reached XP level 8. HP: 61/61 MP: 3/14
  5571 | D:5      | Reached ** piety under Kikubaaqudgha
  5753 | D:5      | Reached skill level 7 in Necromancy
  5817 | D:5      | Found a hazy altar of Hepliaklqana.
  5979 | D:5      | Reached skill level 5 in Dodging
  5979 | D:5      | Reached skill level 5 in Spellcasting
  6079 | D:5      | Learned a level 4 spell: Animate Dead
  6084 | D:5      | Learned a level 4 spell: Dispel Undead
  6220 | D:6      | Reached skill level 5 in Fighting
  6366 | D:6      | Reached XP level 9. HP: 68/68 MP: 4/17
  6854 | D:7      | Reached skill level 8 in Necromancy
  6915 | D:7      | Noticed Maggie
  7292 | D:7      | Killed Maggie
  7425 | D:7      | Noticed a troll
  7626 | D:7      | Killed a troll
  8399 | D:7      | Noticed a cyclops
  8400 | D:7      | Noticed a gargoyle
  8421 | D:7      | Killed a cyclops
  8422 | D:7      | Reached skill level 9 in Necromancy
  8491 | D:7      | Noticed a two-headed ogre
  8693 | D:8      | Gained mutation: Your demonic aura often causes spilled
                  | blood to erupt in flames. [demonic ancestry]
  8693 | D:8      | Reached XP level 10. HP: 79/79 MP: 13/20
  8754 | D:8      | Reached *** piety under Kikubaaqudgha
  8754 | D:8      | Received a gift from Kikubaaqudgha
  8760 | D:8      | Noticed Joseph
  8791 | D:8      | Killed Joseph
  8818 | D:8      | Noticed Amaemon
  8891 | D:8      | Found a flagged portal.
  9017 | Bailey   | Entered a bailey
  9389 | Bailey   | Found a burning altar of Makhleb.
  9494 | D:8      | Noticed an orange demon
  9547 | D:8      | Killed an orange demon
  9769 | D:8      | Killed Amaemon
  9770 | D:8      | Reached skill level 10 in Necromancy
  9912 | D:8      | Found a staircase to the Lair.
 10730 | D:8      | Learned a level 5 spell: Curse of Agony
 10869 | D:9      | Noticed a moth of wrath
 10877 | D:9      | Noticed a two-headed ogre
 10879 | D:9      | Noticed monsoonserge's ghost (journeyman OpCA)
 10900 | D:9      | Noticed a deep troll
 11005 | D:9      | Found a transporter.
 11009 | D:9      | Found a bloodstained altar of Trog.
 11049 | D:9      | Reached **** piety under Kikubaaqudgha
 11117 | D:9      | Gained mutation: You are mostly covered in thin metallic
                  | scales. (AC +3) [demonic ancestry]
 11117 | D:9      | Reached XP level 11. HP: 52/87 MP: 23/23
 11214 | D:9      | You fall into a shaft and drop 2 floors!
 11237 | D:11     | Noticed a two-headed ogre
 11249 | D:11     | Killed a two-headed ogre
 11509 | D:10     | Entered Level 10 of the Dungeon
 11509 | D:10     | Found Cotwan's Armour Shop.
 11509 | D:10     | Found a staircase to the Orcish Mines.
 11715 | D:9      | Found a transporter.
 12216 | D:10     | Found Meprut's Weapon Shop.
 12350 | D:10     | Found Acvufut's Antique Armour Shoppe.
 12361 | D:10     | Bought a scorched ring mail for 261 gold pieces
 12361 | D:10     | Identified the +2 ring mail of Oblivion {rElec Stlth+} (You
                  | bought it in a shop on level 10 of the Dungeon)
 12510 | D:10     | Found Kubygh's Armour Shoppe.
 12629 | D:10     | Found Puyxoo's Armour Shop.
 13154 | D:10     | Noticed a two-headed ogre
 13154 | D:10     | Noticed a two-headed ogre
 13326 | D:10     | Killed a two-headed ogre
 13327 | D:10     | Reached skill level 11 in Necromancy
 13483 | D:11     | Noticed Erica
 13490 | D:11     | Killed Erica
 13657 | D:11     | Noticed a boulder beetle
 13845 | D:11     | Noticed a red ugly thing
 13855 | D:11     | Killed a red ugly thing
 14317 | D:11     | Killed a boulder beetle
 14915 | D:11     | Gained mutation: You are completely covered in thin
                  | metallic scales. (AC +4, rElec) [demonic ancestry]
 14915 | D:11     | Reached XP level 12. HP: 97/97 MP: 20/25
 15083 | D:10     | Killed a two-headed ogre
 15381 | Lair:1   | Entered Level 1 of the Lair of Beasts
 15388 | Lair:1   | Learned a level 5 spell: Borgnjor's Vile Clutch
 15393 | Lair:1   | Learned a level 4 spell: Anguish
 15454 | Lair:1   | Reached skill level 10 in Fighting
 15656 | Lair:1   | Noticed a boulder beetle
 15727 | D:8      | Killed a boulder beetle
 15728 | D:8      | Reached skill level 12 in Necromancy
 15940 | Lair:1   | Reached ***** piety under Kikubaaqudgha
 16419 | Lair:1   | Reached skill level 10 in Dodging
 16444 | Lair:1   | Noticed a catoblepas
 16596 | Lair:1   | Reached skill level 10 in Spellcasting
 16840 | Lair:1   | Killed a catoblepas
 17541 | Lair:2   | Noticed Fannar
 17564 | Lair:2   | Killed Fannar
 18026 | Lair:2   | Reached skill level 1 in Earth Magic
 18091 | Lair:2   | Gained mutation: A weak demonic guardian rushes to your
                  | aid. [demonic ancestry]
 18091 | Lair:2   | Reached XP level 13. HP: 100/106 MP: 27/27
 18136 | Lair:2   | Reached skill level 13 in Necromancy
 18649 | Lair:3   | Reached skill level 1 in Armour
 19548 | Lair:3   | Found a hole to the Spider Nest.
 20174 | Lair:3   | Found a staircase to the Shoals.
 20806 | Lair:4   | Found a runed translucent door.
 20807 | Lair:4   | Found a viscous altar of Jiyva.
 20808 | Lair:4   | Noticed an acid blob
 20810 | Lair:4   | Noticed an acid blob
 20811 | Lair:4   | Found a staircase to the Slime Pits.
 21450 | Lair:5   | Entered Level 5 of the Lair of Beasts
 21837 | Lair:5   | Noticed Nessos
 22808 | Lair:5   | Reached skill level 14 in Necromancy
 22991 | Lair:5   | Reached skill level 5 in Earth Magic
 23155 | Lair:5   | Killed Nessos
 23258 | Lair:5   | Reached XP level 14. HP: 113/113 MP: 17/29
 23429 | Lair:5   | Reached skill level 5 in Armour
 23588 | Lair:5   | Identified the +0 dire flail "Ludd" {freeze, Will+ Dex+3}
 24240 | Lair:5   | Reached ****** piety under Kikubaaqudgha
 24288 | Lair:5   | Found the +8 Wrath of Trog {antimagic, *Rage Rampage}
 25561 | D:12     | Found a stormy altar of Qazlal.
 26249 | D:13     | Found a gate to the Vaults.
 27040 | D:13     | Reached skill level 15 in Necromancy
 28022 | D:14     | Reached skill level 1 in Maces & Flails
 29976 | D:14     | Reached XP level 15. HP: 118/118 MP: 26/31
 30103 | D:15     | Entered Level 15 of the Dungeon
 30679 | D:15     | Reached skill level 1 in Evocations
 31491 | D:15     | Identified a scroll of acquirement
 33217 | D:15     | Found a staircase to the Depths.
 33343 | D:10     | Bought a +1 pair of gloves of dexterity for 247 gold pieces
 33483 | Orc:1    | Entered Level 1 of the Orcish Mines
 33686 | Orc:1    | Found a shimmering altar of Xom.
 34191 | Orc:1    | Found a transporter.
 34457 | Orc:1    | You fall into a shaft and drop 1 floor!
 34457 | Orc:2    | Entered Level 2 of the Orcish Mines
 34550 | Orc:2    | Noticed Rupert
 34699 | Orc:2    | Found a staircase to the Elven Halls.
 34834 | Orc:2    | Paralysed by Rupert for 3 turns
 34906 | Orc:2    | Killed Rupert
 35471 | Orc:2    | Paralysed by an orc sorcerer for 3 turns
 36818 | Orc:2    | Found Toomimy's Distillery.
 36818 | Orc:2    | Found Tasaot's Magic Scroll Shop.
 36821 | Orc:2    | Found Goinny's Antique Armour Boutique.
 36821 | Orc:2    | Found Luokla's Weapon Shop.
 37009 | Orc:2    | Bought a scroll of identify for 30 gold pieces
 37009 | Orc:2    | Bought a scroll of fog for 60 gold pieces
 37011 | Orc:2    | Bought a potion of haste for 110 gold pieces
 37011 | Orc:2    | Bought a potion of heal wounds for 55 gold pieces
 37011 | Orc:2    | Bought a potion of haste for 110 gold pieces
 37750 | Spider:1 | Entered Level 1 of the Spider Nest
 38071 | Spider:1 | HP: 1/118 [demonic crawler (10)]
 38071 | Spider:1 | Slain by a demonic crawler

Illustrated notes

Levels and vault maps discovered:
D:1:      lemuel_arrival_funnel, layout_basic
D:2:      layout_loops_corners, serial_shops, nicolae_shop_rolling_square,
          serial_glass, glass_columns_a, glass_columns_b, uniq_sigmund
D:3:      layout_basic
D:4:      minmay_thinvault, layout_loops_ring, minmay_temple_entry_steel_oval,
          grunt_ministairs_14, uniq_crazy_yiuf_cottage, uniq_eustachio
D:5:      layout_basic, overflow_temple_1_default
D:6:      layout_basic, minmay_checkerbox
D:7:      minmay_chambers_of_sixes, layout_layer_cave,
          serial_library_hellmonk_metal_room, uniq_maggie
D:8:      layout_rooms, hellmonk_lair_entry_icy, enter_bailey_5,
          chequers_big_river, uniq_joseph, uniq_amaemon
D:9:      layout_loops_ring, gammafunk_ghost_wrathful_warriors,
          kennysheep_opposing_triangles
D:10:     layout_cave_pods, orc_david_3, serial_shops, nicolae_shop_trees, shop,
          nicolae_diamond_shop, nicolae_shop_just_a_little_nook,
          nicolae_phantomly_mirrored
D:11:     layout_stronghold, minmay_misc_feat_nine_boxes, uniq_erica
D:12:     layout_basic, nicolae_qazlal_style_of_elements
D:13:     cheibrodos_magma_flow, layout_basic, erik_vaults_2
D:14:     layout_roguey, hangedman_decor_diamond_cutter,
          nicolae_twisting_strands, chequers_garden
D:15:     gammafunk_enter_depths_forms, layout_basic,
          hangedman_decor_clover_reticule
Temple:   mainiacjoe_temple_circle_huts
Lair:1:   layout_cave_pods, st_stairs_3, infiniplex_staircase_pool_2,
          lemuel_fruit_tree
Lair:2:   layout_small_grid, minivault_11, uniq_fannar
Lair:3:   layout_cave_pods, mainiacjoe_shoals_entry_four_pools,
          hellmonk_spider_entry_life_and_decay, serial_bayou_shore_b
Lair:4:   layout_cellular_growth, slime_entry_2, gauntlet_entry_generic,
          grunt_megastairs_3
Lair:5:   gammafunk_lair_ancient_temple, layout_cave_pods,
          grunt_forest_small_clearings, uniq_nessos
Spider:1: nicolae_spider_hilbert_zone_3 [nicolae_spider_hilbert_4_sides_2_open,
          nicolae_spider_hilbert_3_sides_1_open,
          nicolae_spider_hilbert_3_sides_1_open,
          nicolae_spider_hilbert_3_sides_1_open,
          nicolae_spider_hilbert_3_sides_1_open,
          nicolae_spider_hilbert_4_sides_1_open,
          nicolae_spider_hilbert_4_sides_1_open,
          nicolae_spider_hilbert_4_sides_1_open,
          nicolae_spider_hilbert_4_sides_1_open,
          nicolae_spider_hilbert_4_sides_1_open,
          nicolae_spider_hilbert_4_sides_1_open,
          nicolae_spider_hilbert_4_sides_1_open,
          nicolae_spider_hilbert_4_sides_1_open,
          nicolae_spider_hilbert_3_sides_1_open,
          nicolae_spider_hilbert_3_sides_1_open,
          nicolae_spider_hilbert_3_sides_1_open,
          nicolae_spider_hilbert_3_sides_1_open], uniq_donald, uniq_mlioglotl
Orc:1:    emtedronai_trogs_sanctum, layout_caves, basic_altar
Orc:2:    st_orc_mages, layout_caves, uniq_rupert

Skill      XL: |  1  2  3  4  5  6  7  8  9 10 11 12 13 14 15 |
---------------+----------------------------------------------+-----
Stealth        | 2 |  2.0
Dodging        | 2 3 4 5 6 8 9 10 | 10.5
Fighting       | 1 2 3 4 5 7 8 9 11 | 11.0
Necromancy     | 5 6 7 9 10 11 12 14 15 | 15.9
Spellcasting   | 3 4 5 6 8 9 10 11 12 13 | 13.2
Earth Magic    | 1 5 7 |  7.0
Armour         | 4 7 |  7.2
Maces & Flails | 2 4 |  4.4
Evocations     | 4 |  4.0

Action                     |  1- 3 |  4- 6 |  7- 9 | 10-12 | 13-15 || total
---------------------------+-------+-------+-------+-------+-------++-------
  Melee: Club              |     1 |       |       |       |       ||     1
         Hand axe          |       |    38 |       |       |       ||    38
         Whip              |       |    19 |       |       |       ||    19
         Punch             |       |     1 |       |     3 |     3 ||     7
         Shillelagh        |       |     4 |    99 |   215 |   436 ||   754
         Demon trident     |       |       |       |       |     2 ||     2
   Cast: Necrotise         |    72 |    70 |    41 |   111 |    25 ||   319
         Vampiric Draining |       |     8 |    50 |   102 |   184 ||   344
         Dispel Undead     |       |       |     4 |    13 |    17 ||    34
         Curse of Agony    |       |       |       |    11 |    18 ||    29
         Animate Dead      |       |       |       |     4 |     7 ||    11
         Borgnjor's Vile C |       |       |       |     3 |   135 ||   138
         Anguish           |       |       |       |       |     2 ||     2
    Use: Scroll            |       |       |       |    13 |    12 ||    25
         Potion            |       |       |       |     3 |     4 ||     7
   Stab: Sleeping          |       |       |     1 |       |     1 ||     2
 Armour: Robe              |    13 |    70 |   129 |    26 |       ||   238
         Troll leather arm |       |       |       |   208 |       ||   208
         Ring mail         |       |       |       |   176 |   835 ||  1011
  Dodge: Dodged            |     7 |    86 |   187 |   319 |   606 ||  1205
